| TOP OF THE 1ST |
|
Memphis Redbirds batting - Pitching for Iowa Cubs : LHP Jose Urena
|
|
Pitching: LHP Jose Urena
|
|
|
Batting: RHB Mark Cahill
|
0-0: Called Strike 0-1: Called Strike 0-2: Strikes out swinging
|
|
Batting: RHB Fabrice Bertin
|
0-0: Ground out 4-3 (Groundball, 4S, EV 94.4 MPH)
|
|
Batting: RHB Joe Alley
|
0-0: Ball 1-0: Ground out 6-3 (Groundball, 6, EV 78.1 MPH)
|
| Top of the 1st over - 0 runs, 0 hits, 0 errors, 0 left on base; Memphis 0 - Iowa 0 |
| BOTTOM OF THE 1ST |
|
Iowa Cubs batting - Pitching for Memphis Redbirds : RHP Danny Cook
|
|
Pitching: RHP Danny Cook
|
|
|
Batting: RHB Josh Kalman
|
0-0: Ball 1-0: Ball 2-0: Ball 3-0: Called Strike 3-1: Ground out 4-3 (Groundball, 4M, EV 90.0 MPH)
|
|
Batting: RHB Khalil Stephens
|
0-0: Ground out 6-3 (Groundball, 6, EV 88.8 MPH)
|
|
Batting: RHB Ryan Walker
|
0-0: Called Strike 0-1: Ball 1-1: Ball 2-1: Foul Ball, location: 2F 2-2: Foul Ball, location: 2F 2-2: Strikes out swinging
|
| Bottom of the 1st over - 0 runs, 0 hits, 0 errors, 0 left on base; Memphis 0 - Iowa 0 |
| TOP OF THE 2ND |
|
Memphis Redbirds batting - Pitching for Iowa Cubs : LHP Jose Urena
|
|
Batting: RHB Pablo Nunez
|
0-0: Reached on error, E1 (Groundball, 15S, EV 72.5 MPH)
|
|
Batting: LHB Sam Britt
|
0-0: Ball 1-0: Swinging Strike 1-1: Ball 2-1: Swinging Strike 2-2: Strikes out looking
|
|
Batting: RHB Josh Martin
|
0-0: Swinging Strike 0-1: Swinging Strike 0-2: Strikes out swinging
|
|
Batting: RHB Joe LaDue
|
0-0: Ball 1-0: Ball 2-0: Ball 3-0: Called Strike 3-1: Called Strike 3-2: Ground out 4-3 (Groundball, 4M, EV 85.6 MPH)
|
| Top of the 2nd over - 0 runs, 0 hits, 1 error, 1 left on base; Memphis 0 - Iowa 0 |
| BOTTOM OF THE 2ND |
|
Iowa Cubs batting - Pitching for Memphis Redbirds : RHP Danny Cook
|
|
Batting: LHB Wing-tat Tai
|
0-0: Ball 1-0: Called Strike 1-1: Ball 2-1: Called Strike 2-2: Strikes out swinging
|
|
Batting: LHB Mark Ingram
|
0-0: Ball 1-0: Ball 2-0: Called Strike 2-1: Ball 3-1: Base on Balls
|
|
Batting: RHB Brad Santanello
|
0-0: Ball 1-0: Fly out, F8 (Flyball, 8LD, EV 100.6 MPH)
|
|
Batting: RHB Josh Asch
|
0-0: Ball 1-0: Swinging Strike 1-1: Foul Ball, location: 2F 1-2: Foul Ball, location: 2F 1-2: Ball 2-2: Fielders Choice at 2nd, 6-4 (Groundball, 6, EV 79.4 MPH)
|
| Bottom of the 2nd over - 0 runs, 0 hits, 0 errors, 1 left on base; Memphis 0 - Iowa 0 |
| TOP OF THE 3RD |
|
Memphis Redbirds batting - Pitching for Iowa Cubs : LHP Jose Urena
|
|
Batting: LHB Adam Eisen
|
0-0: Called Strike 0-1: Ball 1-1: Ball 2-1: Fly out, F7 (Flyball, 78M, EV 85.0 MPH)
|
|
Batting: RHB Juan Martinez
|
0-0: Ball 1-0: Fly out, F9 (Flyball, 9, EV 78.8 MPH)
|
|
Batting: RHB Mark Cahill
|
0-0: Ball 1-0: Foul Ball, location: 2F 1-1: Foul Ball, location: 2F 1-2: Fly out, F8 (Flyball, 8RM, EV 82.5 MPH)
|
| Top of the 3rd over - 0 runs, 0 hits, 0 errors, 0 left on base; Memphis 0 - Iowa 0 |
| BOTTOM OF THE 3RD |
|
Iowa Cubs batting - Pitching for Memphis Redbirds : RHP Danny Cook
|
|
Batting: RHB Ricardo Aguinaga
|
0-0: Called Strike 0-1: Ball 1-1: Fly out, F7 (Flyball, 7, EV 92.5 MPH)
|
|
Batting: RHB Tim Long
|
0-0: Called Strike 0-1: Fly out, F9 (Line Drive, 89M, EV 94.4 MPH)
|
|
Batting: RHB Josh Kalman
|
0-0: Ball 1-0: Ball 2-0: Called Strike 2-1: Ball 3-1: Base on Balls
|
|
Batting: RHB Khalil Stephens
|
0-0: Ball 1-0: Called Strike 1-1: Ball 2-1: Ball 3-1: Foul Ball, location: 2F 3-2: Base on Balls Josh Kalman to second
|
|
Batting: RHB Ryan Walker
|
0-0: Ball 1-0: Ball 2-0: Called Strike 2-1: Ball 3-1: Base on Balls Josh Kalman to third Khalil Stephens to second
|
|
Batting: LHB Wing-tat Tai
|
0-0: Ball 1-0: Ball 2-0: Ground out 4-3 (Groundball, 4D, EV 85.0 MPH)
|
| Bottom of the 3rd over - 0 runs, 0 hits, 0 errors, 3 left on base; Memphis 0 - Iowa 0 |
| TOP OF THE 4TH |
|
Memphis Redbirds batting - Pitching for Iowa Cubs : LHP Jose Urena
|
|
Batting: RHB Fabrice Bertin
|
0-0: Foul Ball, location: 2F 0-1: Swinging Strike 0-2: Foul Ball, location: 2F 0-2: Ball 1-2: Foul Ball, location: 2F 1-2: Fly out, F8 (Flyball, 8LXD, EV 86.9 MPH)
|
|
Batting: RHB Joe Alley
|
0-0: Ball 1-0: Ball 2-0: Swinging Strike 2-1: Foul Ball, location: 2F 2-2: Strikes out swinging
|
|
Batting: RHB Pablo Nunez
|
0-0: Foul Ball, location: 2F 0-1: Ball 1-1: Fly out, F8 (Flyball, 8RM, EV 76.2 MPH)
|
| Top of the 4th over - 0 runs, 0 hits, 0 errors, 0 left on base; Memphis 0 - Iowa 0 |
| BOTTOM OF THE 4TH |
|
Iowa Cubs batting - Pitching for Memphis Redbirds : RHP Danny Cook
|
|
Batting: LHB Mark Ingram
|
0-0: Ball 1-0: Ball 2-0: Ball 3-0: Called Strike 3-1: Fly out, F9 (Line Drive, 9S, EV 98.8 MPH)
|
|
Batting: RHB Brad Santanello
|
0-0: SINGLE (Groundball, 56D, EV 99.4 MPH)
|
|
Batting: RHB Josh Asch
|
0-0: Ball 1-0: Ball 2-0: Ball 3-0: Called Strike 3-1: Called Strike 3-2: Base on Balls Brad Santanello to second
|
|
Batting: RHB Ricardo Aguinaga
|
0-0: Fly out, F6 (Popup, 4S, EV 85.6 MPH)
|
|
Batting: RHB Tim Long
|
0-0: Fielders Choice at 2nd, 6-4 (Groundball, 6, EV 84.4 MPH)
|
| Bottom of the 4th over - 0 runs, 1 hit, 0 errors, 2 left on base; Memphis 0 - Iowa 0 |
| TOP OF THE 5TH |
|
Memphis Redbirds batting - Pitching for Iowa Cubs : LHP Jose Urena
|
|
Batting: LHB Sam Britt
|
0-0: Ball 1-0: Ball 2-0: Swinging Strike 2-1: Ground out U3 (Groundball, 34S, EV 71.9 MPH)
|
|
Batting: RHB Josh Martin
|
0-0: Called Strike 0-1: Swinging Strike 0-2: Ball 1-2: Ball 2-2: Ball 3-2: Foul Ball, location: 2F 3-2: Foul Ball, location: 2F 3-2: Fly out, F8 (Flyball, 89S, EV 76.2 MPH)
|
|
Batting: RHB Joe LaDue
|
0-0: Ball 1-0: Swinging Strike 1-1: Ball 2-1: Swinging Strike 2-2: Ball 3-2: Strikes out looking
|
| Top of the 5th over - 0 runs, 0 hits, 0 errors, 0 left on base; Memphis 0 - Iowa 0 |
| BOTTOM OF THE 5TH |
|
Iowa Cubs batting - Pitching for Memphis Redbirds : RHP Danny Cook
|
|
Batting: RHB Josh Kalman
|
0-0: Fly out, F4 (Line Drive, 4, EV 69.4 MPH)
|
|
Batting: RHB Khalil Stephens
|
0-0: Ball 1-0: Called Strike 1-1: Called Strike 1-2: Ground out 6-3 (Groundball, 56, EV 78.1 MPH)
|
|
Batting: RHB Ryan Walker
|
0-0: Ground out 6-3 (Groundball, 6, EV 91.9 MPH)
|
| Bottom of the 5th over - 0 runs, 0 hits, 0 errors, 0 left on base; Memphis 0 - Iowa 0 |
| TOP OF THE 6TH |
|
Memphis Redbirds batting - Pitching for Iowa Cubs : LHP Jose Urena
|
|
Batting: LHB Adam Eisen
|
0-0: Called Strike 0-1: Ball 1-1: DOUBLE (Line Drive, 9LD, EV 102.5 MPH)
|
|
Batting: RHB Juan Martinez
|
0-0: Ball Adam Eisen is caught stealing 3rd base 2-5 1-0: Foul Ball, location: 2F 1-1: DOUBLE (Line Drive, 78M, EV 92.5 MPH)
|
|
Batting: RHB Mark Cahill
|
0-0: Called Strike 0-1: Foul Ball, location: 2F 0-2: Foul Ball, location: 2F 0-2: Strikes out swinging
|
|
Batting: RHB Fabrice Bertin
|
0-0: Called Strike 0-1: Ball 1-1: Called Strike 1-2: Strikes out looking
|
| Top of the 6th over - 0 runs, 2 hits, 0 errors, 1 left on base; Memphis 0 - Iowa 0 |
| BOTTOM OF THE 6TH |
|
Iowa Cubs batting - Pitching for Memphis Redbirds : RHP Danny Cook
|
|
Batting: LHB Wing-tat Tai
|
0-0: Fly out, F7 (Flyball, 7LM, EV 73.8 MPH)
|
|
Batting: LHB Mark Ingram
|
0-0: Called Strike 0-1: Called Strike 0-2: Ball 1-2: Foul Ball, location: 2F 1-2: Foul Ball, location: 2F 1-2: Foul Ball, location: 2F 1-2: Strikes out swinging, 2-3 out at first.
|
|
Batting: RHB Brad Santanello
|
0-0: Called Strike 0-1: DOUBLE (Line Drive, 7LS, EV 93.8 MPH)
|
|
Batting: RHB Josh Asch
|
0-0: Ball 1-0: Ball 2-0: Ball 3-0: Ground out U3 (Groundball, 34, EV 81.2 MPH)
|
| Bottom of the 6th over - 0 runs, 1 hit, 0 errors, 1 left on base; Memphis 0 - Iowa 0 |
| TOP OF THE 7TH |
|
Memphis Redbirds batting - Pitching for Iowa Cubs : LHP Jose Urena
|
|
Batting: RHB Joe Alley
|
0-0: Swinging Strike 0-1: Ball 1-1: Swinging Strike 1-2: Strikes out swinging
|
|
Batting: RHB Pablo Nunez
|
0-0: Swinging Strike 0-1: Ball 1-1: Called Strike 1-2: Ball 2-2: Strikes out looking
|
|
Batting: LHB Sam Britt
|
0-0: Ball 1-0: Called Strike 1-1: Called Strike 1-2: Fly out, F5 (Popup, 56S, EV 75.0 MPH)
|
| Top of the 7th over - 0 runs, 0 hits, 0 errors, 0 left on base; Memphis 0 - Iowa 0 |
| BOTTOM OF THE 7TH |
|
Iowa Cubs batting - Pitching for Memphis Redbirds : RHP Danny Cook
|
|
Batting: RHB Ricardo Aguinaga
|
0-0: Ball 1-0: Foul Ball, location: 2F 1-1: Ball 2-1: Ball 3-1: Base on Balls
|
|
Batting: RHB Tim Long
|
0-0: Ground out 6-3 (Groundball, P, EV 88.1 MPH) Ricardo Aguinaga to second
|
|
Batting: RHB Josh Kalman
|
0-0: Intentional Walk
|
|
Batting: RHB Khalil Stephens
|
0-0: Ball 1-0: Called Strike 1-1: Foul Ball, location: 2F 1-2: Strikes out swinging
|
|
Pitching: RHP Dave Reisinger
|
|
|
Batting: RHB Ryan Walker
|
0-0: SINGLE (Groundball, 34D, EV 94.4 MPH) Ricardo Aguinaga to third Josh Kalman to second Runner from 3rd tries for Home, SAFE, throw by RF to home
|
|
Batting: LHB Wing-tat Tai
|
0-0: Called Strike 0-1: Foul Ball, location: 2F 0-2: SINGLE (Groundball, 23, EV 57.5 MPH) (infield hit) Josh Kalman to third Ryan Walker to second
|
|
Batting: LHB Mark Ingram
|
0-0: Ball 1-0: Ball Wild Pitch! Josh Kalman scores Ryan Walker to third Wing-tat Tai to second 2-0: Called Strike 2-1: Ball 3-1: Foul Ball, location: 2F 3-2: Base on Balls
|
|
Batting: RHB Brad Santanello
|
0-0: Reached on error, E5 (Groundball, 56, EV 105.0 MPH) Ryan Walker scores Wing-tat Tai to third Mark Ingram to second
|
|
Batting: RHB Josh Asch
|
0-0: Called Strike 0-1: Ball 1-1: Ground out U3 (Groundball, 34S, EV 84.4 MPH)
|
| Bottom of the 7th over - 3 runs, 2 hits, 1 error, 3 left on base; Memphis 0 - Iowa 3 |
| TOP OF THE 8TH |
|
Memphis Redbirds batting - Pitching for Iowa Cubs : LHP Jose Urena
|
|
Batting: RHB Josh Martin
|
0-0: Called Strike 0-1: Ball 1-1: Ball 2-1: Called Strike 2-2: Foul Ball, location: 2F 2-2: Ball 3-2: Strikes out swinging
|
|
Pitching: RHP Jorge Mora
|
|
|
Batting: RHB Joe LaDue
|
0-0: Foul Ball, location: 2F 0-1: Ball 1-1: Called Strike 1-2: Ball 2-2: Foul Ball, location: 2F 2-2: Ball 3-2: Strikes out looking
|
|
Batting: LHB Adam Eisen
|
0-0: Foul Ball, location: 2F 0-1: Ball 1-1: Ball 2-1: Ball 3-1: Base on Balls
|
|
Batting: RHB Juan Martinez
|
0-0: Foul Ball, location: 2F 0-1: Ball 1-1: Called Strike 1-2: Ball 2-2: Ball 3-2: Ground out 5-3 (Groundball, 56, EV 101.9 MPH)
|
| Top of the 8th over - 0 runs, 0 hits, 0 errors, 1 left on base; Memphis 0 - Iowa 3 |
| BOTTOM OF THE 8TH |
|
Iowa Cubs batting - Pitching for Memphis Redbirds : RHP Dave Reisinger
|
|
Batting: RHB Ricardo Aguinaga
|
0-0: Called Strike 0-1: Swinging Strike 0-2: Foul Ball, location: 2F 0-2: Ground out 6-3 (Groundball, 6, EV 90.6 MPH)
|
|
Batting: RHB Tim Long
|
0-0: Called Strike 0-1: Ball 1-1: Ball 2-1: Ground out 6-3 (Groundball, 6, EV 87.5 MPH)
|
|
Batting: RHB Josh Kalman
|
0-0: Ball 1-0: Called Strike 1-1: Ball 2-1: Ball 3-1: Foul Ball, location: 2F 3-2: SINGLE (Groundball, 56D, EV 100.6 MPH)
|
|
Batting: RHB Khalil Stephens
|
0-0: Swinging Strike 0-1: Ball 1-1: Ground out 4-3 (Groundball, 34, EV 108.1 MPH)
|
| Bottom of the 8th over - 0 runs, 1 hit, 0 errors, 1 left on base; Memphis 0 - Iowa 3 |
| TOP OF THE 9TH |
|
Memphis Redbirds batting - Pitching for Iowa Cubs : RHP Jorge Mora
|
|
Pitching: RHP Carlos Dominguez
|
|
|
Batting: RHB Mark Cahill
|
0-0: Ball 1-0: Ball 2-0: Called Strike 2-1: DOUBLE (Line Drive, 89D, EV 105.6 MPH)
|
|
Batting: RHB Fabrice Bertin
|
0-0: Ball 1-0: Swinging Strike 1-1: Ball 2-1: Ball 3-1: Base on Balls
|
|
Batting: RHB Joe Alley
|
0-0: Foul Ball, location: 2F 0-1: Ball 1-1: Called Strike 1-2: Hit by Pitch Mark Cahill to third Fabrice Bertin to second
|
|
Pinch Hitting: LHB Ronnie Ashley
|
0-0: Swinging Strike 0-1: Ball 1-1: Called Strike 1-2: Ball 2-2: Foul Ball, location: 2F 2-2: Foul Ball, location: 2F 2-2: DOUBLE (Groundball, 3L, EV 105.0 MPH) Mark Cahill scores Fabrice Bertin scores Joe Alley to third
|
|
Batting: LHB Sam Britt
|
0-0: Intentional Walk
|
|
Pinch Hitting: LHB Tsutomu Miyahara
|
0-0: Ball 1-0: Ball 2-0: Ball 3-0: Called Strike 3-1: Base on Balls Joe Alley scores Ronnie Ashley to third Sam Britt to second
|
|
Batting: RHB Joe LaDue
|
0-0: Ball 1-0: Grounds into fielders choice 6-2 (Groundball, 6MS, EV 61.2 MPH) Sam Britt to third Tsutomu Miyahara to second
|
|
Batting: LHB Adam Eisen
|
0-0: Ball 1-0: Ball 2-0: Foul Ball, location: 2F 2-1: Foul Ball, location: 2F 2-2: Strikes out swinging
|
|
Batting: RHB Juan Martinez
|
0-0: Ball 1-0: Foul Ball, location: 2F 1-1: SINGLE (Line Drive, 6D, EV 107.5 MPH) Sam Britt scores Tsutomu Miyahara to third Joe LaDue to second Runner from 3rd tries for Home, throw by CF and OUT! 8-2
|
| Top of the 9th over - 4 runs, 3 hits, 0 errors, 2 left on base; Memphis 4 - Iowa 3 |
| BOTTOM OF THE 9TH |
|
Iowa Cubs batting - Pitching for Memphis Redbirds : RHP Dave Reisinger
|
|
Pitching: RHP Joe Spencer
|
|
|
Now at 1B: Fabrice Bertin
|
|
|
Now at 2B: Mark Cahill
|
|
|
Now at 3B: Andres Mendiola
|
|
|
Now at SS: Joe LaDue
|
|
|
Now in LF: McGwire Jones
|
|
|
Now in CF: Juan Martinez
|
|
|
Now in RF: Tsutomu Miyahara
|
|
|
Batting: RHB Ryan Walker
|
0-0: Foul Ball, location: 2F 0-1: Called Strike 0-2: Ball 1-2: Strikes out swinging
|
|
Batting: LHB Wing-tat Tai
|
0-0: Ball 1-0: Ball 2-0: Foul Ball, location: 2F 2-1: Foul Ball, location: 2F 2-2: Ball 3-2: Foul Ball, location: 2F 3-2: Foul Ball, location: 2F 3-2: Fly out, F8 (Flyball, 8LD, EV 106.2 MPH)
|
|
Batting: LHB Mark Ingram
|
0-0: Ball 1-0: Foul Ball, location: 2F 1-1: Called Strike 1-2: Ball 2-2: Strikes out looking
|
| Bottom of the 9th over - 0 runs, 0 hits, 0 errors, 0 left on base; Memphis 4 - Iowa 3 |
|